 Dungeon Crawl Stone Soup version 0.28-a0-556-gab23d0e057 (webtiles) character file.

Game seed: 10865639174312567935

2179 bande the Cleaver (level 9, -1/55 HPs)
             Began as a Gargoyle Fighter on Sept 29, 2021.
             Slain by a wight (15 damage)
             ... on level 6 of the Dungeon.
             The game lasted 00:11:32 (7691 turns).

bande the Cleaver (Gargoyle Fighter)                Turns: 7691, Time: 00:11:35

Health: -1/55      AC: 18    Str: 21    XL:     9   Next: 33%
Magic:  9/9        EV:  9    Int: 12    God:
Gold:   351        SH:  6    Dex: 11    Spells: 8/8 levels left

rFire   + . .      SeeInvis .   a - +1 war axe (vorpal)
rCold   . . .      Faith    .   c - +1 buckler
rNeg    + . .      Spirit   .   b - +0 scale mail
rPois   ∞          Reflect  .   u - +2 helmet {Int+3}
rElec   +          Harm     .   g - scarf {repulsion}
rCorr   .          Rampage  .   e - +0 pair of gloves
Will    .....                   (no boots)
Stlth   ..........              (no amulet)
HPRegen 0.18/turn               k - ring of protection from fire
MPRegen 0.11/turn               (no ring)

@: repel missiles
A: sickness immunity, AC +6, negative energy resistance 1, electricity
resistance, torment resistance 1, petrification resistance
a: no special abilities


You were on level 6 of the Dungeon.
You visited 1 branch of the dungeon, and saw 6 of its levels.
You also visited: Ossuary.

You collected 351 gold pieces.

Inventory:

Hand Weapons
 a - a +1 vorpal war axe (weapon)
 m - a +0 war axe
 w - a +0 flail
Missiles
 r - 2 throwing nets (quivered)
Armour
 b - a +0 scale mail (worn)
 c - a +1 buckler (worn)
 e - a +0 pair of gloves (worn)
 g - a scarf of repulsion (worn)
 n - a +2 hat
 u - a +2 helmet of intelligence (worn)
Jewellery
 k - a ring of protection from fire (left hand)
Wands
 t - a wand of flame (12)
Scrolls
 o - 4 scrolls of enchant armour
 q - 3 scrolls of teleportation
 v - a scroll of fear {unknown}
Potions
 d - a potion of might
 f - a potion of haste
 h - 3 potions of magic {unknown}
 i - 4 potions of curing
 j - a potion of cancellation
 l - a potion of heal wounds
 p - a potion of berserk rage {unknown}
 s - a potion of degeneration {unknown}
 x - a potion of mutation {unknown}


   Skills:
 + Level 6.2 Fighting
 + Level 8.0 Axes
 + Level 6.5 Armour
 + Level 5.7 Shields
 * Level 1.6 Evocations


You had 8 spell levels left.
You didn't know any spells.
Your spell library contained the following spells:

 Spells                   Type           Power      Damage    Failure   Level
 Sandblast                Erth           0%         2d4       63%         1
 Passwall                 Tmut/Erth      0%         N/A       77%         2
 Stone Arrow              Conj/Erth      0%         3d7       94%         3


Dungeon Overview and Level Annotations

Branches:
Dungeon (6/15)            Ossuary (visited)
 Temple: D:4-7

Altars:
Gozag
Wu Jian
Xom
Yredelemnul

Shops:
D:3 [

Annotations:
D:4 2 runed translucent doors, rustyseabutter's ghost, amateur TrHu


Innate Abilities, Weirdness & Mutations

You are immune to sickness and miasma.
Your stone body is resilient. (AC +6)
You are immune to poison.
You resist negative energy. (rN+)
You are resistant to electric shocks. (rElec)
You are resistant to unholy torment.
You are immune to petrification.


Message History

You feel much better. You block the hound's attack.
The wight hits you with a +4 long sword!
You block the wight's attack. The wight hits you but does no damage.
The wight hits you with a +4 dagger!
* * * LOW HITPOINT WARNING * * *
You hit the wight but do no damage.
The wight is heavily damaged.
You hit the wight. You closely miss the wight. x2
You hit the hound but do no damage. The hound bites you but does no damage.
The wight hits you but does no damage. The hound bites you but does no damage.
The wight hits you with a +0 mace.
* * * LOW HITPOINT WARNING * * *
The wight hits you but does no damage. x2
You barely miss the wight.
The wight is heavily damaged.
You hit the hound.
You kill the hound!
You closely miss the wight. You barely miss the wight. You hit the wight.
The wight hits you but does no damage. x2; The wight closely misses you.
The wight hits you but does no damage.
You hit the wight but do no damage.
The wight is heavily damaged.
You barely miss the wight. You hit the wight.
You hit the wight but do no damage. The wight closely misses you.
The wight barely misses you.
The wight hits you but does no damage. x2
The wight hits you with a +4 long sword!
* * * LOW HITPOINT WARNING * * *
You feel much better. The wight hits you but does no damage.
The wight hits you with a +4 falchion!
* * * LOW HITPOINT WARNING * * *
The wight hits you but does no damage.
The wight hits you with a +4 long sword!
* * * LOW HITPOINT WARNING * * *
You feel much better.
A howler monkey comes into view.
The wight hits you with a +0 mace. The wight hits you with a +4 falchion!
* * * LOW HITPOINT WARNING * * *
The wight hits you but does no damage.
The wight hits you with a +4 long sword!
You die...

#(#........
..........
#........
#....... ##...#
##).<# #.))##
#h.#####zz)##
.......z@z..#
......)†#.#....#
...##.....###..#
. #.!...## ..#
....##.. .#
....# ##.# #
##.#. .# #.## =#


You could see a howler monkey (wandering) and 4 wights.

Vanquished Creatures
  A water moccasin (D:5)
  2 ice beasts (D:5)
  A black bear (D:4)
  2 ogres (D:5)
  2 phantoms
  Blork the orc (D:5)
  The ghost of Moby the Sneak, an amateur KoEn (D:3)
  A kobold brigand (D:6)
  A gnoll sergeant (D:6)
  2 scorpions (D:5)
  A wight (D:5)
  A howler monkey (D:6)
  A bullfrog zombie (D:5)
  2 jellies
  6 centaur zombies (Ossuary)
  2 hounds
  An orc priest (D:3)
  2 bullfrog skeletons
  Terence (D:2)
  3 iguanas
  An orc wizard (D:5)
  A killer bee zombie (D:5)
  A hound zombie (D:5)
  A hound skeleton (D:2)
  6 mummies (Ossuary)
  A howler monkey skeleton (D:4)
  10 adders
  11 gnolls
  A white imp (D:5)
  2 ufetubi (D:5)
  An adder skeleton (D:4)
  A worm (D:2)
  6 dart slugs
  8 orcs
  9 endoplasms
  A giant cockroach (D:2)
  10 goblins
  9 hobgoblins
  10 kobolds
  4 quokkas
  5 ball pythons
  10 bats
  5 frilled lizards
  10 rats
  A spectral orc (D:5)
159 creatures vanquished.

Vanquished Creatures (others)
  2 fungi (D:1)
2 creatures vanquished.

Grand Total: 161 creatures vanquished

Notes
Turn   | Place    | Note
-------+----------+-------------------------------------------
     0 | D:1      | bande the Gargoyle Fighter began the quest for the Orb.
     0 | D:1      | Reached XP level 1. HP: 14/14 MP: 1/1
   173 | D:1      | Found a faded altar of an unknown god.
   365 | D:1      | Reached XP level 2. HP: 12/19 MP: 2/2
   954 | D:1      | Reached skill level 2 in Axes
   961 | D:1      | Reached XP level 3. HP: 22/23 MP: 3/3
  1700 | D:2      | Found an opulent altar of Gozag.
  1772 | D:2      | Noticed Terence
  1780 | D:2      | Killed Terence
  1781 | D:2      | Reached XP level 4. HP: 24/29 MP: 4/4
  2094 | D:2      | Reached skill level 3 in Axes
  2188 | D:2      | Reached XP level 5. HP: 27/33 MP: 5/5
  2578 | D:3      | Found a runed translucent gate.
  2579 | D:3      | Found a runed translucent gate.
  2580 | D:3      | Found a runed translucent gate.
  2581 | D:3      | Found Zomyneiss's Armour Shoppe.
  2639 | D:3      | Noticed Moby's ghost (amateur KoEn)
  3295 | D:3      | Killed Moby's ghost
  3296 | D:3      | Reached skill level 4 in Axes
  3296 | D:3      | Reached XP level 6. HP: 16/38 MP: 6/6
  3651 | D:4      | Found an ornate altar of the Wu Jian Council.
  3661 | D:4      | Found a shimmering altar of Xom.
  3760 | D:4      | Noticed a black bear
  3770 | D:4      | Killed a black bear
  3885 | D:4      | Reached XP level 7. HP: 43/44 MP: 7/7
  3951 | D:4      | Reached skill level 5 in Armour
  4173 | D:4      | Found a large runed translucent door.
  4173 | D:4      | Found a large runed translucent door.
  4184 | D:4      | Noticed rustyseabutter's ghost (amateur TrHu)
  4295 | D:4      | Found a sand-covered staircase.
  4308 | Ossuary  | Entered an ossuary
  4679 | Ossuary  | Reached skill level 5 in Axes
  5140 | D:4      | Reached skill level 5 in Fighting
  5576 | D:5      | Entered Level 5 of the Dungeon
  5609 | D:5      | Reached XP level 8. HP: 24/49 MP: 8/8
  6023 | D:5      | Reached skill level 6 in Axes
  6083 | D:5      | Found a basalt altar of Yredelemnul.
  6431 | D:5      | Reached skill level 5 in Shields
  6782 | D:5      | Noticed Blork the orc
  6789 | D:5      | Killed Blork the orc
  6792 | D:5      | Reached skill level 7 in Axes
  7100 | D:5      | Reached XP level 9. HP: 51/55 MP: 9/9
  7564 | D:5      | Reached skill level 1 in Evocations
  7677 | D:6      | Reached skill level 8 in Axes
  7689 | D:6      | HP: 2/55 [wight (7)]
  7691 | D:6      | Slain by a wight

Illustrated notes

Levels and vault maps discovered:
D:1:      dpeg_arrival_morbid_curiosity, layout_basic,
          shapermc_ecumenical_altar_acropolis
D:2:      layout_rooms, basic_altar, solitary_fountain,
          amcnicky_mini_rare_corridor_liquid, minmay_misc_feat_tiny,
          minmay_misc_feat_pillars, small_statue_intersection, uniq_terence
D:3:      layout_rooms, serial_shops, shop, ebering_ghost_rock_garden
D:4:      layout_gridville, mainiacjoe_overflow_paths,
          pdpol_wu_jian_five_deadly_venoms, ebering_ghost_disaster_area,
          nicolae_ossuary_entry_ruins, st_stairs_6, nrook_uturn
D:5:      minmay_octagon_keep, layout_basic,
          yredelemnul_forgotten_temple_becter, uniq_blork_the_orc
D:6:      layout_rooms, amcnicky_altar_gilded, minmay_small_thing

Skill      XL: |  1  2  3  4  5  6  7  8  9 |
---------------+----------------------------+-----
Axes           | 2 3 4 5 7 8 |  8.0
Armour         | 4 5 6 |  6.5
Shields        | 4 5 |  5.7
Fighting       | 4 5 6 |  6.2
Evocations     | 1 |  1.6

Action                   |  1- 3 |  4- 6 |  7- 9 || total
-------------------------+-------+-------+-------++-------
Melee: War axe           |    97 |   163 |   238 ||   498
  Use: Scroll            |     1 |     6 |     1 ||     8
       Potion            |       |       |     4 ||     4
Armor: Scale mail        |    75 |    94 |   213 ||   382
Dodge: Dodged            |    50 |    78 |   159 ||   287
       Repelled          |       |     2 |     1 ||     3
Block: Buckler           |    30 |    53 |   111 ||   194

Table legend: (Time is in decaauts)
 A = Elapsed time spent in this place.
 B = Non-inter-level travel time spent in this place.
 C = Inter-level travel time spent in this place.
 D = Time resting spent in this place.
 E = Time spent auto-exploring this place.
 F = Levels seen in this place.
 G = Mean time per level.
                   A        B        C        D        E       F      G
               +--------+--------+--------+--------+--------+-----+--------+
         Total |   7832 |   7679 |    153 |   1750 |   4379 |   7 | 1118.9 |
       Dungeon |   7039 |   6886 |    153 |   1108 |   4328 |   6 | 1173.2 |
       Ossuary |    792 |    792 |      0 |    642 |     51 |   1 |  792.0 |
               +--------+--------+--------+--------+--------+-----+--------+

Top non-repeatable levels by time:
     D:5: 2064 daAuts
     D:1: 1733 daAuts
     D:4: 1205 daAuts
     D:3: 989 daAuts
     D:2: 969 daAuts
 Ossuary: 792 daAuts
     D:6: 77 daAuts
